 Dungeon Crawl Stone Soup version 0.27.1-34-g3ba077fa99 (webtiles) character file.

Game seed: 10770051149849502776

60 vvl the Skirmisher (level 3, -8/29 HPs)
             Began as a Demonspawn Fighter on Jan 18, 2022.
             Killed from afar by Natasha (15 damage)
             ... with a puff of flame
             ... on level 2 of the Dungeon.
             The game lasted 00:03:25 (1809 turns).

vvl the Skirmisher (Demonspawn Fighter)             Turns: 1809, Time: 00:03:25

Health: -8/29      AC:  8    Str: 17    XL:     3   Next: 80%
Magic:  4/4        EV:  8    Int:  9    God:
Gold:   35         SH:  8    Dex: 12    Spells: 3/3 levels left

rFire    . . .     SeeInvis .   a - +0 war axe
rCold    . . .     Faith    .   c - +0 kite shield
rNeg     . . .     Spirit   .   m - +0 ring mail
rPois    .         Reflect  .   k - +2 helmet
rElec    .         Harm     +   f - scarf {harm}
rCorr    .         Rampage  .   (no gloves)
Will     .....                  (no boots)
Stlth    +.........             (no amulet)
HPRegen  0.09/turn              (no ring)
MPRegen  0.09/turn              (no ring)

@: slowed, very slow
A: claws 1, demonic magic 1
a: no special abilities


You were on level 2 of the Dungeon.
You visited 1 branch of the dungeon, and saw 2 of its levels.

You collected 35 gold pieces.

Inventory:

Hand Weapons
 a - a +0 war axe (weapon)
Missiles
 g - 20 bolts
Armour
 c - a +0 kite shield (worn)
 f - a scarf of harm (worn)
 k - a +2 helmet (worn)
 m - a +0 ring mail (worn)
Magical Staves
 h - a staff of death
Scrolls
 e - a scroll of noise {unknown}
 i - a scroll of teleportation {unknown}
 l - a scroll of identify {unknown}
Potions
 b - a potion of curing {unknown}
 d - a potion of might
 j - a potion of mutation {unknown}


   Skills:
 + Level 3.1 Fighting
 + Level 2.1 Axes
 + Level 0.3 Staves
 + Level 2.9 Armour
 + Level 0.8 Dodging
 + Level 2.8 Shields
 + Level 0.6 Spellcasting
 + Level 0.6 Necromancy
 * Level 1.4 Transmutations


You had 3 spell levels left.
You didn't know any spells.
Your spell library was empty.

Dungeon Overview and Level Annotations

Branches:
Dungeon (2/15)

Altars:

Shops:
D:1 =

Annotations:
D:2 Natasha


Innate Abilities, Weirdness & Mutations

You have sharp fingernails.
Spells you cast may paralyse adjacent enemies.


Message History

Found a black potion.
b - a black potion
There is a stone staircase leading down here.
Found two maces.
Found a mace.
Found a robe.
You see here a +0 robe.
Natasha, Servant of Life and Death comes into view.
She is carrying a wand of flame (20).
Natasha hisses angrily.
Natasha zaps a wand.
The puff of flame hits you.
Natasha stares at you and mumbles some strange words.
The magic dart hits you.
Your shield prevents you from hitting Natasha.
Natasha zaps a wand.
The puff of flame hits you.
You hit Natasha.
Natasha is heavily wounded.
You block Natasha's attack. Natasha casts a spell at you.
The magic dart hits you!
You are too injured to fight recklessly!
You are too injured to fight recklessly!
You are too injured to fight recklessly!
You hit Natasha but do no damage.
Natasha is heavily wounded.
Natasha closely misses you. You block Natasha's attack.
You barely miss Natasha.
Natasha is heavily wounded.
Natasha stares at you and mumbles some strange words.
The magic dart hits you but does no damage.
You hit Natasha.
Natasha is severely wounded.
Natasha zaps a wand.
The puff of flame hits you.
* * * LOW HITPOINT WARNING * * *
Natasha stares at you and mumbles some strange words.
You feel yourself slow down.
You closely miss Natasha.
Natasha is severely wounded.
Natasha zaps a wand.
The puff of flame hits you!
Ouch! That really hurt!
You die...

######.##...###########..
.........................
#...##.#.########..######
....####.# #.[.# ....#
#.# #####..###### ....#
#...............# )..##
#..############.#### #)##
#.....#########....# )##
#.#.....h@......#### #
..##.....###### #####..#
##... ####


You could see Natasha.

Vanquished Creatures
  Natasha (D:2)
  An endoplasm (D:1)
  A giant cockroach (D:2)
  4 goblins
  4 hobgoblins (D:2)
  4 jackals (D:1)
  3 kobolds
  3 quokkas
  3 ball pythons (D:1)
  4 bats
  2 frilled lizards (D:2)
  A rat (D:2)
31 creatures vanquished.

Notes
Turn   | Place    | Note
-------+----------+-------------------------------------------
     0 | D:1      | vvl the Demonspawn Fighter began the quest for the Orb.
     0 | D:1      | Reached XP level 1. HP: 18/18 MP: 1/1
   460 | D:1      | Gained mutation: Spells you cast may paralyse adjacent
                  | enemies. [demonic ancestry]
   460 | D:1      | Reached XP level 2. HP: 19/24 MP: 2/2
   574 | D:1      | Reached skill level 1 in Transmutations
   700 | D:1      | Found Saitinu's Jewellery Shoppe.
   958 | D:1      | Found a faded altar of an unknown god.
  1418 | D:2      | Noticed Natasha
  1422 | D:2      | Gained mutation: You have sharp fingernails. [demonic
                  | ancestry]
  1422 | D:2      | Reached XP level 3. HP: 29/29 MP: 3/3
  1428 | D:2      | Killed Natasha
  1800 | D:2      | Noticed Natasha
  1809 | D:2      | Killed from afar by Natasha

Illustrated notes

Levels and vault maps discovered:
D:1:      wander_arrival_desolate, layout_basic, serial_shops, shop,
          chequers_ecumenical_altar_twisty
D:2:      minmay_angry_zag, layout_rooms, grunt_ministairs_5, minmay_between,
          uniq_natasha, uniq_crazy_yiuf_cottage

Skill      XL: |  1  2 |
---------------+-------+-----
Transmutations | 1 |  1.4
Axes           | 2 |  2.1
Fighting       | |  3.1
Staves         | |  0.3
Armour         | |  2.9
Dodging        | |  0.8
Shields        | |  2.8
Spellcasting   | |  0.6
Necromancy     | |  0.6

Action                   || total
-------------------------++-------
Melee: War axe           ||    85
Armor: Scale mail        ||    43
       Ring mail         ||     2
Dodge: Dodged            ||    27
Block: Kite shield       ||    56
